Description

This is a very popular build in TvZ now. You get Reactor Hellions and Battlecruiser with a standard set up for a macro game.

VOD

https://youtu.be/95hT1FZxyAg?t=1371

Replay - HeRoMaRinE v Serral: Game 2 - Acropolis LE

Build Order

Get SALT Encoding   

  12  0:00  SCV  
  13  0:13  SCV  
  14  0:17  Supply Depot  
  14  0:25  SCV  
  15  0:39  SCV  
  15  0:41  Barracks  
  16  0:42  Refinery  
  16  0:51  SCV  
  17  1:03  SCV  
  18  1:15  SCV  
  19  1:28  Reaper, Orbital Command  
  20  1:38  Command Center  
  20  1:48  Supply Depot  
  20  1:53  SCV  
  21  2:00  Marine  
  22  2:05  SCV  
  23  2:09  Factory  
  23  2:12  Refinery  
  23  2:18  SCV  
  23  2:19  Barracks Reactor  
  26  2:51  Orbital Command  
  26  2:56  Starport  
  27  3:01  Hellion x2  
  34  3:23  Hellion x2  
  38  3:28  Supply Depot  
  38  3:33  Viking  
  42  3:37  Fusion Core  
  42  3:45  Hellion x2  
  50  4:00  Supply Depot  
  50  4:06  Starport Tech Lab  
  52  4:20  Command Center  
  54  4:31  Supply Depot  
  54  4:32  Battlecruiser  
  62  4:38  Refinery x2  
  62  4:53  Hellion x2  
  68  5:07  Factory x2  
  70  5:17  Hellion x2  
  78  5:42  Battlecruiser  
  86  5:46  Refinery x2  
  86  5:59  Orbital Command  
  86  6:01  Weapon Refit  
  86  6:02  Factory Tech Lab x2  
  94  6:24  Cyclone x2  
  101  6:25  Mag-Field Accelerator  
  104  6:42  Armory  
  119  7:12  Battlecruiser  
  124  7:20  Cyclone x2  
  125  7:27  Armory  
  125  7:29  Terran Vehicle Weapons Level 1  
  127  7:36  Command Center  
  126  7:44  Barracks Reactor, Factory x2  
  130  7:52  Cyclone  
  133  7:59  Siege Tank  
  136  8:10  Infernal Pre-Igniter  
  140  8:24  Siege Tank  
  141  8:27  Engineering Bay  
  141  8:31  Cyclone  
  141  8:32  Factory Tech Lab  
  137  8:35  Terran Vehicle And Ship Armor Level 1  
  145  8:43  Cyclone  
  151  8:56  Cyclone  
  151  8:59  Missile Turret  
  161  9:03  Cyclone  
  161  9:04  Refinery x2  
  164  9:15  Cyclone  
  171  9:26  Missile Turret x2  
  171  9:30  Orbital Command  
  171  9:31  Missile Turret  
  171  9:36  Siege Tank  
  173  9:47  Siege Tank  
  173  9:49  Terran Vehicle Weapons Level 2  
  176  9:54  Factory x2  
Spawning Tool Build Advisor. Get it on Overwolf

Analysis

This is a build that every Terran player should learn in the current metagame. The basic set up is something familiar to most Terran players. It starts with a 16 Refinery Reaper expand and proceeds to a standard 1-1-1. You get Hellions from Reactor Factory, and you get a Battlecruiser when the Fusion Core is done.

This build is popular in the current metagame partly due to the map pool. Most maps are huge, so Battlecruiser's ability to negate attack distance is valuable.

This build is featured in the September issue of the Metagame Build Order series on TerranCraft.

Go to:

Details

Become a Patron
  • Created by: Maxilicious  
  • Published on: Sep 30, 2019
  • Modified on: Oct 04, 2019
  • Patch: 4.7.1
Show
View Real Time Build Order
Export as new Build Order

Comments (1)

On Oct. 4, 2019, 2:58 p.m., MusicalCraft  said:

Hii Max, I love to read ur articles. Sorry to say that
21 1:58 Marine
22 2:07 Factory
23 2:09 Refinery
23 2:16 Marine,
26 2:38 Barracks Reactor

but in the vid, it looks like after the first Marine, 2.12: Refinery and 2:20 is Reactor if I'm not wrong. While practicing in SALT mode, it made me confused. :)) Have a nice day. :)

Create an account to comment!